Wolfpack vs Condors
Created - March 2, 2022 at 21:13
Goals
|
| Wolfpack |
0 |
2 |
1 |
0 |
0 |
3 |
| Condors |
1 |
1 |
1 |
0 |
1 |
4 |
|
Shots
|
| Wolfpack |
10 |
13 |
10 |
2 |
3 |
35 |
| Condors |
9 |
10 |
8 |
0 |
2 |
27 |
|
1st period
1. Condors , Tyler Bozak 22 (Robby Fabbri 13) at 14:56 (PP)
Penalties :
Brett Lernout (Bak) for Slashing (Minor) at 1:26, Henrik Samuelsson (Har) for Hooking (Minor) at 14:37
2nd period
2. Wolfpack , Connor Chatam 4 (Kevin Roy 6) at 3:54
3. Wolfpack , Vince Dunn 3 (David Pope 14, Seth Griffith 8) at 9:15
4. Condors , Daniel Zaar 8 (Chris Bigras 5) at 18:45
Penalties :
Carl Gunnarsson (Bak) for Hooking (Minor) at 3:57, Jesse Puljujarvi (Bak) for Hooking (Minor) at 13:07, Dave Dziurzynski (Har) for Roughing (Double Minor) at 19:07
3rd period
5. Wolfpack , Sebastian Collberg 11 (Mikhail Sergachev 12, Vince Dunn 15) at 4:46 (PP)
6. Condors , Tyler Bozak 23 (Daniel Zaar 12, Alexandre Carrier 6) at 6:54
Penalties :
Tyler Bozak (Bak) for High sticking (Minor) at 4:10, Mark Jankowski (Bak) for Holding (Minor) at 9:27, Kiefer Sherwood (Bak) for Tripping (Minor) at 19:31
Overtime #1
No Goal
Penalties :
No Penalty
Shootout
Wolfpack, Maxime Sauvé - Stopped by Ilya Samsonov
Condors, Robby Fabbri - Stopped by Samuel Montembeault
Wolfpack, Stefan Noesen - Stopped by Ilya Samsonov
Condors, Tyler Bozak - Goal!
Wolfpack, Dave Dziurzynski - Shot Misses the Net
Penalties :
No Penalty
Goalie Stats
Samuel Montembeault (Har), 24 saves from 27 shots - (0.889), OTL, 14-8-2, 65:00 minutes
Ilya Samsonov (Bak), 32 saves from 35 shots - (0.914), W, 10-11-1, 65:00 minutes
Players Stats for Wolfpack
Player Name G A P +/- PIM S H SB GA TA FO MP PP MP PK MP
------------------------------------------------------------------------------------
Alex Barre-Boulet 0 0 0 1 0 1 2 2 0 0 0/1 14:45 0:00 1:15
Colton White 0 0 0 0 0 1 0 2 0 1 0/0 12:11 0:00 0:00
Connor Chatam 1 0 1 0 0 1 0 0 1 0 0/0 7:29 0:00 0:00
Dave Dziurzynski 0 0 0 0 4 4 5 1 0 1 0/1 20:47 4:30 0:00
David Pope 0 1 1 1 0 0 2 0 1 0 0/0 13:25 0:00 0:31
Derrick Pouliot 0 0 0 -1 0 2 1 2 0 0 0/0 24:30 4:03 2:46
Dryden Hunt 0 0 0 0 0 1 0 0 0 0 0/0 7:16 0:00 0:00
Henrik Samuelsson 0 0 0 -1 2 5 2 2 2 0 6/13 19:49 4:30 1:21
Kevin Roy 0 1 1 0 0 3 1 0 0 1 1/1 7:38 0:00 0:22
Maxime Sauvé 0 0 0 0 0 2 4 0 0 0 15/36 23:51 4:30 2:35
Mikhail Sergachev 0 1 1 1 0 1 1 1 0 1 0/0 28:19 4:57 1:32
Ryan Culkin 0 0 0 0 0 0 1 2 0 1 0/0 12:11 0:00 0:00
Samuel Blais 0 0 0 -1 0 2 4 0 0 1 1/1 17:49 4:30 0:00
Sebastian Collberg 1 0 1 -1 0 2 2 0 0 0 0/0 16:44 4:30 0:00
Seth Griffith 0 1 1 1 0 0 0 1 1 0 6/9 12:20 0:00 0:00
Stefan Noesen 0 0 0 0 0 2 0 1 0 1 1/2 23:47 4:30 2:32
Steven Santini 0 0 0 -1 0 1 1 2 1 1 0/0 24:30 4:03 2:46
Vince Dunn 1 1 2 1 0 7 1 0 0 5 0/0 28:19 4:57 1:32
Players Stats for Condors
Player Name G A P +/- PIM S H SB GA TA FO MP PP MP PK MP
------------------------------------------------------------------------------------
Adam Erne 0 0 0 -1 0 3 1 0 1 1 0/0 12:59 2:26 0:00
Alexandre Carrier 0 1 1 0 0 0 1 1 1 0 0/0 14:14 0:00 1:33
Anton Slepyshev 0 0 0 0 0 4 1 1 0 0 1/1 17:21 1:47 3:09
Brett Lernout 0 0 0 0 2 0 2 0 0 1 0/0 12:40 0:00 0:00
C.J Suess 0 0 0 -1 0 2 2 1 2 0 0/1 10:20 0:10 0:08
Carl Gunnarsson 0 0 0 0 2 0 1 0 0 0 0/0 26:55 2:53 5:26
Chris Bigras 0 1 1 0 0 1 1 3 0 1 0/0 18:55 1:25 3:32
Christian Thomas 0 0 0 -1 0 2 0 0 1 0 0/0 10:38 0:05 0:00
Connor Hurley 0 0 0 -1 0 0 0 0 0 0 2/5 8:57 0:00 0:37
Daniel Zaar 1 1 2 2 0 2 1 0 2 0 0/0 14:23 0:00 0:00
Eric Gustafsson 0 0 0 0 0 0 1 0 0 0 0/0 18:55 1:25 3:32
Gustav Olofsson 0 0 0 0 0 0 0 0 0 0 0/0 5:46 0:00 0:00
Jesse Puljujarvi 0 0 0 0 2 0 0 0 0 0 0/1 13:38 1:47 0:00
Kiefer Sherwood 0 0 0 -1 2 2 1 1 0 0 0/0 10:30 0:00 1:05
Louis Leblanc 0 0 0 -1 0 3 1 1 0 2 9/17 19:21 0:00 6:32
Mark Jankowski 0 0 0 0 2 1 1 0 0 0 5/10 16:48 1:47 1:54
Philippe Myers 0 0 0 0 0 0 0 0 0 0 0/0 5:46 0:00 0:00
Robby Fabbri 0 1 1 2 0 5 1 0 3 0 1/3 24:46 2:26 5:43
Tyler Bozak 2 0 2 2 2 2 0 1 2 0 16/26 18:53 2:26 0:23
Zac Leslie 0 0 0 0 0 0 0 2 1 1 0/0 27:38 2:53 6:59
3 Stars
1 - Tyler Bozak (Bak)
2 - Daniel Zaar (Bak)
3 - Vince Dunn (Har)
Power Play
Wolfpack - 1 on 6 Attempt(s) - 16.67%
Condors - 1 on 3 Attempt(s) - 33.33%
Penalty Kill
Wolfpack - 2 on 3 Attempt(s) - 66.67%
- Score 0 goal in Penalty Kill
Condors - 5 on 6 Attempt(s) - 83.33%
- Score 0 goal in Penalty Kill
Team Stat
Wolfpack - Hits : 27 - Faceoff Wins : 30 - Blocked Shots : 16 - Penalty Minutes : 6
Condors - Hits : 15 - Faceoff Wins : 34 - Blocked Shots : 11 - Penalty Minutes : 12
Official
Referees : Ghislain Hebert and Kevin Pollock
Linesman : Kiel Murchison and Kyle Flemington
Game Notes
No Game Note
Finance
Level 1 -- Attendance: 1795 (89.75%) -- Ticket Income $62,825
Level 2 -- Attendance: 1000 (100.00%) -- Ticket Income $15,000
Total Attendance: 2795 (93.17%)
Total Ticket Income: $77,825
Other Income: $3,891
Total Income: $81,716
Wolfpack
5 vs 5 Forward
Center Left Wing Right Wing Time % Phy DF OF
1 Maxime Sauvé Dave Dziurzynski Stefan Noesen 40 1 2 2
2 Henrik Samuelsson Samuel Blais Sebastian Collberg 30 1 2 2
3 Seth Griffith David Pope Alex Barre-Boulet 20 1 2 2
4 Kevin Roy Dryden Hunt Connor Chatam 10 1 2 2
5 vs 5 Defense
Defense Defense Time % Phy DF OF
1 Vince Dunn Mikhail Sergachev 40 1 2 2
2 Derrick Pouliot Steven Santini 30 1 2 2
3 Ryan Culkin Colton White 20 1 2 2
4 Vince Dunn Mikhail Sergachev 10 1 2 2
PowerPlay Forward
Center Left Wing Right Wing Time % Phy DF OF
1 Maxime Sauvé Dave Dziurzynski Stefan Noesen 60 1 2 2
2 Henrik Samuelsson Samuel Blais Sebastian Collberg 40 1 2 2
PowerPlay Defense
Defense Defense Time % Phy DF OF
1 Vince Dunn Mikhail Sergachev 60 1 2 2
2 Derrick Pouliot Steven Santini 40 1 2 2
Penalty Kill 4 Players Forward
Center Wing Time % Phy DF OF
1 Maxime Sauvé Stefan Noesen 60 1 2 2
2 Dave Dziurzynski Henrik Samuelsson 40 1 2 2
Penalty Kill 4 Players Defense
Defense Defense Time % Phy DF OF
1 Derrick Pouliot Steven Santini 60 1 2 2
2 Vince Dunn Mikhail Sergachev 40 1 2 2
Penalty Kill - 3 Players Forward
Forward Time % Phy DF OF
1 Maxime Sauvé 60 1 2 2
2 Stefan Noesen 40 1 2 2
Penalty Kill - 3 Players Defense
Defense Defense Time % Phy DF OF
1 Derrick Pouliot Steven Santini 60 1 2 2
2 Vince Dunn Mikhail Sergachev 40 1 2 2
4 vs 4 Forward
Center Wing Time % Phy DF OF
1 Maxime Sauvé Stefan Noesen 60 1 2 2
2 Dave Dziurzynski Henrik Samuelsson 40 1 2 2
4 vs 4 Defense
Defense Defense Time % Phy DF OF
1 Vince Dunn Mikhail Sergachev 60 1 2 2
2 Derrick Pouliot Steven Santini 40 1 2 2
Last Minutes Offensive
Center Left Wing Right Wing Defense Defense
Maxime Sauvé Dave Dziurzynski Stefan Noesen Derrick Pouliot Steven Santini
Last Minutes Defensive
Center Left Wing Right Wing Defense Defense
Maxime Sauvé Dave Dziurzynski Stefan Noesen Derrick Pouliot Steven Santini
Goaltenders
Starting : Samuel Montembeault
Backup : Mike Condon
Extra Forwards
Normal : Samuel Blais, Stefan Noesen, Alex Barre-Boulet - PP : Samuel Blais, Stefan Noesen - PK : Alex Barre-Boulet
Extra Defensemen
Normal : Derrick Pouliot, Ryan Culkin, Colton White - PP : Mikhail Sergachev - PK : Ryan Culkin, Colton White
Penalty Shots
Maxime Sauvé, Stefan Noesen, Dave Dziurzynski, Henrik Samuelsson, David Pope
Scratches
Adam Lowry (Healthy), Jacob Middleton (Healthy), Jake Marchment (Healthy), Joel Kiviranta (Healthy), Joshua Jacobs (Healthy)
Keegan Kolesar (Healthy), Mikhail Vorobyev (Healthy), Ryan Dzingel (Broken Bone (Left Arm) Injury), Will Borgen (Healthy), Alexander Barabanov (Suspend)
Andrew Peeke (Healthy), Dante Fabbro (Healthy), Jeffrey Viel (Healthy), Yegor Korshkov (Healthy), Jake Paterson (Healthy)
Condors
5 vs 5 Forward
Center Left Wing Right Wing Time % Phy DF OF
1 Tyler Bozak Robby Fabbri Daniel Zaar 40 1 2 2
2 Mark Jankowski Anton Slepyshev Jesse Puljujarvi 30 1 2 2
3 Louis Leblanc Christian Thomas Adam Erne 20 1 2 2
4 Connor Hurley C.J Suess Kiefer Sherwood 10 1 2 2
5 vs 5 Defense
Defense Defense Time % Phy DF OF
1 Zac Leslie Carl Gunnarsson 40 1 2 2
2 Eric Gustafsson Chris Bigras 30 1 2 2
3 Brett Lernout Alexandre Carrier 20 1 2 2
4 Gustav Olofsson Philippe Myers 10 1 2 2
PowerPlay Forward
Center Left Wing Right Wing Time % Phy DF OF
1 Tyler Bozak Robby Fabbri Adam Erne 60 1 2 2
2 Mark Jankowski Anton Slepyshev Jesse Puljujarvi 40 1 2 2
PowerPlay Defense
Defense Defense Time % Phy DF OF
1 Zac Leslie Carl Gunnarsson 60 1 2 2
2 Eric Gustafsson Chris Bigras 40 1 2 2
Penalty Kill 4 Players Forward
Center Wing Time % Phy DF OF
1 Louis Leblanc Robby Fabbri 60 1 2 2
2 Mark Jankowski Anton Slepyshev 40 1 2 2
Penalty Kill 4 Players Defense
Defense Defense Time % Phy DF OF
1 Zac Leslie Carl Gunnarsson 60 1 2 2
2 Eric Gustafsson Chris Bigras 40 1 2 2
Penalty Kill - 3 Players Forward
Forward Time % Phy DF OF
1 Louis Leblanc 60 1 2 2
2 Tyler Bozak 40 1 2 2
Penalty Kill - 3 Players Defense
Defense Defense Time % Phy DF OF
1 Zac Leslie Carl Gunnarsson 60 1 2 2
2 Eric Gustafsson Chris Bigras 40 1 2 2
4 vs 4 Forward
Center Wing Time % Phy DF OF
1 Louis Leblanc Tyler Bozak 60 1 2 2
2 Mark Jankowski Anton Slepyshev 40 1 2 2
4 vs 4 Defense
Defense Defense Time % Phy DF OF
1 Zac Leslie Carl Gunnarsson 60 1 2 2
2 Eric Gustafsson Chris Bigras 40 1 2 2
Last Minutes Offensive
Center Left Wing Right Wing Defense Defense
Tyler Bozak Anton Slepyshev Adam Erne Zac Leslie Carl Gunnarsson
Last Minutes Defensive
Center Left Wing Right Wing Defense Defense
Tyler Bozak Anton Slepyshev Adam Erne Zac Leslie Carl Gunnarsson
Goaltenders
Starting : Ilya Samsonov
Backup : Mark Visentin
Extra Forwards
Normal : Robby Fabbri, C.J Suess, Kiefer Sherwood - PP : Robby Fabbri, C.J Suess - PK : Kiefer Sherwood
Extra Defensemen
Normal : Brett Lernout, Alexandre Carrier, Gustav Olofsson - PP : Brett Lernout - PK : Alexandre Carrier, Gustav Olofsson
Penalty Shots
Robby Fabbri, Tyler Bozak, Mark Jankowski, Anton Slepyshev, Jesse Puljujarvi
Scratches
Anders Bjork (Healthy), Cole Cassels (Healthy), Colin White (Healthy), Emil Djuse (Healthy), Jeremy Gregoire (Healthy)
Jordan Subban (Healthy), Nick Merkley (Healthy), Remi Elie (Healthy), Nikolai Knyzhov (Healthy), Lucas Johansen (Healthy)
Jack Campbell (Healthy)
% Time on Ice - Wolfpack
Lines # - Real PCT - Wanted PCT - Time Play
Normal Forward
1 - 32% - 40% - 14:52
2 - 26% - 30% - 12:14
3 - 26% - 20% - 12:20
4 - 16% - 10% - 7:16
Normal Defense
1 - 38% - 40% - 17:50
2 - 34% - 30% - 15:43
3 - 25% - 20% - 11:33
4 - 3% - 10% - 1:36
PP Forward
1 - 50% - 60% - 4:30
2 - 50% - 40% - 4:30
PP Defense
1 - 55% - 60% - 4:57
2 - 45% - 40% - 4:03
PK Forward
1 - 73% - 60% - 3:09
2 - 27% - 40% - 1:09
PK Defense
1 - 64% - 60% - 2:46
2 - 36% - 40% - 1:32
PK3 Forward
1 - 0% - 60%
2 - 0% - 40%
PK3 Defense
1 - 0% - 60%
2 - 0% - 40%
44 Forward
1 - 80% - 60% - 3:59
2 - 20% - 40% - 1:01
44 Defense
1 - 61% - 60% - 3:03
2 - 39% - 40% - 1:57
Last Minute Offensive - 0:00
Last Minute Defensive - 0:00
Total
Forward - 65:00
Defense - 65:00
|
% Time on Ice - Condors
Lines # - Real PCT - Wanted PCT - Time Play
Normal Forward
1 - 34% - 40% - 15:53
2 - 26% - 30% - 12:05
3 - 23% - 20% - 10:31
4 - 18% - 10% - 8:13
Normal Defense
1 - 34% - 40% - 15:52
2 - 27% - 30% - 12:23
3 - 27% - 20% - 12:41
4 - 12% - 10% - 5:46
PP Forward
1 - 59% - 60% - 2:31
2 - 41% - 40% - 1:47
PP Defense
1 - 67% - 60% - 2:53
2 - 33% - 40% - 1:25
PK Forward
1 - 71% - 60% - 6:23
2 - 29% - 40% - 2:37
PK Defense
1 - 68% - 60% - 6:07
2 - 32% - 40% - 2:53
PK3 Forward
1 - 75% - 60% - 1:08
2 - 25% - 40% - 0:23
PK3 Defense
1 - 57% - 60% - 0:52
2 - 43% - 40% - 0:39
44 Forward
1 - 81% - 60% - 2:50
2 - 19% - 40% - 0:39
44 Defense
1 - 55% - 60% - 1:54
2 - 45% - 40% - 1:35
Last Minute Offensive - 0:00
Last Minute Defensive - 0:00
Total
Forward - 65:00
Defense - 65:00
|
Play-by-Play
1st period
0:01 of 1st period - Maxime Sauvé wins face-off versus Tyler Bozak in neutral zone.
1:10 of 1st period - Snap shot by Dryden Hunt.
1:10 of 1st period - Stopped by Ilya Samsonov with a rebound.
1:12 of 1st period - Snap shot by Kevin Roy.
1:12 of 1st period - Stopped by Ilya Samsonov without a rebound.
1:13 of 1st period - Kevin Roy wins face-off versus Tyler Bozak in Condors zone.
1:24 of 1st period - Wrist shot by Kevin Roy.
1:24 of 1st period - Shot Misses the Net.
1:26 of 1st period - Minor Penalty to Brett Lernout for Slashing.
1:27 of 1st period - Maxime Sauvé wins face-off versus Louis Leblanc in Condors zone.
1:32 of 1st period - Snap shot by Maxime Sauvé.
1:32 of 1st period - Stopped by Ilya Samsonov without a rebound.
1:33 of 1st period - Louis Leblanc wins face-off versus Maxime Sauvé in Condors zone.
2:08 of 1st period - Anton Slepyshev is hit by Steven Santini and loses puck.
3:26 of 1st period - Penalty to Brett Lernout is over, Brett Lernout is back on ice.
3:40 of 1st period - Wrist shot by C.J Suess.
3:40 of 1st period - Shot Misses the Net.
4:06 of 1st period - Slapshot by Mark Jankowski.
4:06 of 1st period - Shot Misses the Net.
5:42 of 1st period - Wrist shot by Adam Erne.
5:42 of 1st period - Stopped by Samuel Montembeault with a rebound.
6:12 of 1st period - Carl Gunnarsson is hit by Samuel Blais and loses puck.
6:41 of 1st period - C.J Suess is hit by David Pope and loses puck.
7:05 of 1st period - Louis Leblanc is hit by Ryan Culkin and loses puck.
7:20 of 1st period - Snap shot by Samuel Blais.
7:20 of 1st period - Stopped by Ilya Samsonov without a rebound.
7:21 of 1st period - Mark Jankowski wins face-off versus Henrik Samuelsson in Condors zone.
8:14 of 1st period - Zac Leslie is hit by David Pope and loses puck.
8:40 of 1st period - Sebastian Collberg is hit by Louis Leblanc and loses puck.
9:04 of 1st period - Snap shot by Christian Thomas.
9:04 of 1st period - Stopped by Samuel Montembeault without a rebound.
9:05 of 1st period - Maxime Sauvé wins face-off versus Tyler Bozak in Wolfpack zone.
9:16 of 1st period - Snap shot by Dave Dziurzynski.
9:16 of 1st period - Shot Misses the Net.
9:27 of 1st period - Icing by Steven Santini.
9:28 of 1st period - Seth Griffith wins face-off versus Mark Jankowski in Wolfpack zone.
9:33 of 1st period - Anton Slepyshev is hit by Alex Barre-Boulet and loses puck.
9:56 of 1st period - Wrist shot by Stefan Noesen.
9:56 of 1st period - Deflect By Dave Dziurzynski.
9:56 of 1st period - Stopped by Ilya Samsonov with a rebound.
10:06 of 1st period - Dave Dziurzynski is hit by Robby Fabbri and loses puck.
10:19 of 1st period - Snap shot by Kiefer Sherwood.
10:19 of 1st period - Stopped by Samuel Montembeault without a rebound.
10:20 of 1st period - Henrik Samuelsson wins face-off versus Connor Hurley in Wolfpack zone.
10:20 of 1st period - Henrik Samuelsson is hit by C.J Suess.
10:31 of 1st period - Off-side.
10:32 of 1st period - Tyler Bozak wins face-off versus Maxime Sauvé in neutral zone.
10:47 of 1st period - Wrist shot by Stefan Noesen.
10:47 of 1st period - Stopped by Ilya Samsonov without a rebound.
10:48 of 1st period - Mark Jankowski wins face-off versus Henrik Samuelsson in Condors zone.
10:55 of 1st period - Slapshot by Anton Slepyshev.
10:55 of 1st period - Stopped by Samuel Montembeault with a rebound.
11:13 of 1st period - Zac Leslie is hit by Maxime Sauvé and loses puck.
11:32 of 1st period - Snap shot by C.J Suess.
11:32 of 1st period - Deflect By Kiefer Sherwood.
11:32 of 1st period - Shot Blocked by Alex Barre-Boulet.
11:32 of 1st period - Puck is out of play.
11:33 of 1st period - Seth Griffith wins face-off versus Connor Hurley in Wolfpack zone.
12:47 of 1st period - Slapshot by Louis Leblanc.
12:47 of 1st period - Shot Blocked by Ryan Culkin.
12:49 of 1st period - Wrist shot by Adam Erne.
12:49 of 1st period - Stopped by Samuel Montembeault with a rebound.
12:51 of 1st period - Wrist shot by Adam Erne.
12:51 of 1st period - Stopped by Samuel Montembeault without a rebound.
12:52 of 1st period - Tyler Bozak wins face-off versus Maxime Sauvé in Wolfpack zone.
13:03 of 1st period - Wrist shot by Stefan Noesen.
13:03 of 1st period - Deflect By Dave Dziurzynski.
13:03 of 1st period - Shot Blocked by Tyler Bozak.
13:03 of 1st period - Puck is out of play.
13:04 of 1st period - Tyler Bozak wins face-off versus Maxime Sauvé in Condors zone.
13:04 of 1st period - Tyler Bozak is hit by Maxime Sauvé.
14:11 of 1st period - Kevin Roy is hit by Kiefer Sherwood and loses puck.
14:37 of 1st period - Minor Penalty to Henrik Samuelsson for Hooking.
14:38 of 1st period - Maxime Sauvé wins face-off versus Tyler Bozak in Wolfpack zone.
14:50 of 1st period - Snap shot by Robby Fabbri.
14:50 of 1st period - Stopped by Samuel Montembeault without a rebound.
14:51 of 1st period - Tyler Bozak wins face-off versus Maxime Sauvé in Wolfpack zone.
14:54 of 1st period - Wrist shot by Robby Fabbri.
14:54 of 1st period - Shot Misses the Net.
14:56 of 1st period - Snap shot by Tyler Bozak.
14:56 of 1st period - Goal by Tyler Bozak - Wolfpack : 0 - Condors : 1.
14:57 of 1st period - Maxime Sauvé wins face-off versus Tyler Bozak in neutral zone.
15:08 of 1st period - Snap shot by Robby Fabbri.
15:08 of 1st period - Shot Misses the Net.
15:10 of 1st period - Slapshot by Robby Fabbri.
15:10 of 1st period - Stopped by Samuel Montembeault without a rebound.
15:11 of 1st period - Mark Jankowski wins face-off versus Maxime Sauvé in Wolfpack zone.
15:22 of 1st period - Wrist shot by Dave Dziurzynski.
15:22 of 1st period - Stopped by Ilya Samsonov with a rebound.
15:24 of 1st period - Slapshot by Mikhail Sergachev.
15:24 of 1st period - Deflect By Zac Leslie.
15:24 of 1st period - Stopped by Ilya Samsonov with a rebound.
16:00 of 1st period - Wrist shot by Adam Erne.
16:00 of 1st period - Shot Misses the Net.
18:02 of 1st period - Snap shot by Kevin Roy.
18:02 of 1st period - Stopped by Ilya Samsonov with a rebound.
18:04 of 1st period - Slapshot by Colton White.
18:04 of 1st period - Shot Blocked by Anton Slepyshev.
18:12 of 1st period - Slapshot by Kevin Roy.
18:12 of 1st period - Stopped by Ilya Samsonov without a rebound.
18:13 of 1st period - Tyler Bozak wins face-off versus Maxime Sauvé in Condors zone.
18:40 of 1st period - Christian Thomas is hit by Mikhail Sergachev and loses puck.
19:50 of 1st period - Wrist shot by Robby Fabbri.
19:50 of 1st period - Shot Misses the Net.
Goals for this period are 0 for Wolfpack vs 1 for Condors.
Shots for this period are 10 for Wolfpack vs 9 for Condors.
2nd period
0:01 of 2nd period - Tyler Bozak wins face-off versus Maxime Sauvé in neutral zone.
0:12 of 2nd period - Snap shot by Dave Dziurzynski.
0:12 of 2nd period - Shot Misses the Net.
0:14 of 2nd period - Snap shot by Stefan Noesen.
0:14 of 2nd period - Shot Misses the Net.
0:31 of 2nd period - Carl Gunnarsson is hit by Samuel Blais and loses puck.
0:50 of 2nd period - Slapshot by Adam Erne.
0:50 of 2nd period - Shot Misses the Net.
1:12 of 2nd period - Snap shot by Stefan Noesen.
1:12 of 2nd period - Shot Misses the Net.
1:25 of 2nd period - Louis Leblanc is hit by Kevin Roy and loses puck.
1:40 of 2nd period - Snap shot by Louis Leblanc.
1:40 of 2nd period - Stopped by Samuel Montembeault without a rebound.
1:41 of 2nd period - Tyler Bozak wins face-off versus Maxime Sauvé in Wolfpack zone.
1:48 of 2nd period - Daniel Zaar is hit by Maxime Sauvé and loses puck.
1:53 of 2nd period - Snap shot by Maxime Sauvé.
1:53 of 2nd period - Shot Misses the Net.
1:57 of 2nd period - Backhand shot by Dave Dziurzynski.
1:57 of 2nd period - Stopped by Ilya Samsonov without a rebound.
1:58 of 2nd period - Henrik Samuelsson wins face-off versus Jesse Puljujarvi in Condors zone.
2:11 of 2nd period - Wrist shot by Anton Slepyshev.
2:11 of 2nd period - Stopped by Samuel Montembeault with a rebound.
2:13 of 2nd period - Slapshot by Alexandre Carrier.
2:13 of 2nd period - Shot Blocked by Henrik Samuelsson.
2:23 of 2nd period - Robby Fabbri is hit by Dave Dziurzynski and loses puck.
2:44 of 2nd period - Snap shot by Connor Hurley.
2:44 of 2nd period - Shot Misses the Net.
2:46 of 2nd period - Snap shot by C.J Suess.
2:46 of 2nd period - Stopped by Samuel Montembeault without a rebound.
2:47 of 2nd period - Connor Hurley wins face-off versus Seth Griffith in Wolfpack zone.
2:48 of 2nd period - Snap shot by C.J Suess.
2:48 of 2nd period - Shot Blocked by Alex Barre-Boulet.
2:50 of 2nd period - Slapshot by Kiefer Sherwood.
2:50 of 2nd period - Shot Misses the Net.
2:52 of 2nd period - Slapshot by Brett Lernout.
2:52 of 2nd period - Shot Misses the Net.
2:54 of 2nd period - Snap shot by Kiefer Sherwood.
2:54 of 2nd period - Shot Blocked by Colton White.
2:56 of 2nd period - Slapshot by Brett Lernout.
2:56 of 2nd period - Deflect By C.J Suess.
2:56 of 2nd period - Stopped by Samuel Montembeault without a rebound.
2:57 of 2nd period - Maxime Sauvé wins face-off versus Tyler Bozak in Wolfpack zone.
3:02 of 2nd period - Snap shot by Stefan Noesen.
3:02 of 2nd period - Stopped by Ilya Samsonov with a rebound.
3:30 of 2nd period - Snap shot by Henrik Samuelsson.
3:30 of 2nd period - Stopped by Ilya Samsonov with a rebound.
3:50 of 2nd period - Slapshot by Kevin Roy.
3:50 of 2nd period - Shot Misses the Net.
3:52 of 2nd period - Wrist shot by Kevin Roy.
3:52 of 2nd period - Shot Blocked by Chris Bigras.
3:54 of 2nd period - Snap shot by Connor Chatam.
3:54 of 2nd period - Goal by Connor Chatam - Wolfpack : 1 - Condors : 1.
3:55 of 2nd period - Tyler Bozak wins face-off versus Maxime Sauvé in neutral zone.
3:57 of 2nd period - Minor Penalty to Carl Gunnarsson for Hooking.
3:58 of 2nd period - Maxime Sauvé wins face-off versus Louis Leblanc in Condors zone.
4:00 of 2nd period - Snap shot by Dave Dziurzynski.
4:00 of 2nd period - Shot Misses the Net.
4:02 of 2nd period - Slapshot by Vince Dunn.
4:02 of 2nd period - Stopped by Ilya Samsonov without a rebound.
4:03 of 2nd period - Robby Fabbri wins face-off versus Maxime Sauvé in Condors zone.
4:03 of 2nd period - Robby Fabbri is hit by Dave Dziurzynski.
4:51 of 2nd period - Wrist shot by Maxime Sauvé.
4:51 of 2nd period - Stopped by Ilya Samsonov without a rebound.
4:52 of 2nd period - Mark Jankowski wins face-off versus Maxime Sauvé in Condors zone.
5:15 of 2nd period - Sebastian Collberg is hit by Mark Jankowski and loses puck.
5:19 of 2nd period - Icing by Samuel Blais.
5:20 of 2nd period - Mark Jankowski wins face-off versus Henrik Samuelsson in Wolfpack zone.
5:25 of 2nd period - Slapshot by Anton Slepyshev.
5:25 of 2nd period - Shot Blocked by Derrick Pouliot.
5:57 of 2nd period - Penalty to Carl Gunnarsson is over, Carl Gunnarsson is back on ice.
6:31 of 2nd period - Wrist shot by Carl Gunnarsson.
6:31 of 2nd period - Shot Misses the Net.
6:47 of 2nd period - Snap shot by Louis Leblanc.
6:47 of 2nd period - Stopped by Samuel Montembeault without a rebound.
6:48 of 2nd period - Maxime Sauvé wins face-off versus Mark Jankowski in Wolfpack zone.
6:57 of 2nd period - Slapshot by Mark Jankowski.
6:57 of 2nd period - Shot Misses the Net.
6:59 of 2nd period - Snap shot by Jesse Puljujarvi.
6:59 of 2nd period - Shot Blocked by Mikhail Sergachev.
7:01 of 2nd period - Snap shot by Mark Jankowski.
7:01 of 2nd period - Shot Blocked by Stefan Noesen.
7:03 of 2nd period - Slapshot by Anton Slepyshev.
7:03 of 2nd period - Stopped by Samuel Montembeault without a rebound.
7:04 of 2nd period - Seth Griffith wins face-off versus Connor Hurley in Wolfpack zone.
7:04 of 2nd period - Seth Griffith is hit by Brett Lernout.
7:10 of 2nd period - Slapshot by Seth Griffith.
7:10 of 2nd period - Shot Blocked by C.J Suess.
7:12 of 2nd period - Slapshot by Vince Dunn.
7:12 of 2nd period - Stopped by Ilya Samsonov without a rebound.
7:13 of 2nd period - Connor Hurley wins face-off versus Seth Griffith in Condors zone.
7:58 of 2nd period - Alex Barre-Boulet is hit by Brett Lernout and loses puck.
8:33 of 2nd period - Kiefer Sherwood is hit by Alex Barre-Boulet and loses puck.
8:53 of 2nd period - Slapshot by Vince Dunn.
8:53 of 2nd period - Shot Misses the Net.
8:55 of 2nd period - Slapshot by David Pope.
8:55 of 2nd period - Shot Misses the Net.
8:57 of 2nd period - Wrist shot by Seth Griffith.
8:57 of 2nd period - Shot Misses the Net.
8:59 of 2nd period - Snap shot by David Pope.
8:59 of 2nd period - Shot Blocked by Kiefer Sherwood.
9:09 of 2nd period - Slapshot by David Pope.
9:09 of 2nd period - Shot Blocked by Alexandre Carrier.
9:11 of 2nd period - Slapshot by Vince Dunn.
9:11 of 2nd period - Stopped by Ilya Samsonov with a rebound.
9:13 of 2nd period - Slapshot by Vince Dunn.
9:13 of 2nd period - Stopped by Ilya Samsonov with a rebound.
9:15 of 2nd period - Slapshot by Vince Dunn.
9:15 of 2nd period - Goal by Vince Dunn - Wolfpack : 2 - Condors : 1.
9:16 of 2nd period - Tyler Bozak wins face-off versus Maxime Sauvé in neutral zone.
9:21 of 2nd period - Maxime Sauvé is hit by Daniel Zaar and loses puck.
9:30 of 2nd period - Snap shot by Maxime Sauvé.
9:30 of 2nd period - Shot Misses the Net.
9:32 of 2nd period - Wrist shot by Derrick Pouliot.
9:32 of 2nd period - Stopped by Ilya Samsonov with a rebound.
10:07 of 2nd period - Ryan Culkin is hit by Eric Gustafsson and loses puck.
12:58 of 2nd period - David Pope is hit by Alexandre Carrier and loses puck.
13:07 of 2nd period - Minor Penalty to Jesse Puljujarvi for Hooking.
13:08 of 2nd period - Louis Leblanc wins face-off versus Dave Dziurzynski in Condors zone.
13:08 of 2nd period - Louis Leblanc is hit by Dave Dziurzynski.
13:40 of 2nd period - Icing by Mikhail Sergachev.
13:41 of 2nd period - Henrik Samuelsson wins face-off versus Louis Leblanc in Wolfpack zone.
13:43 of 2nd period - Icing by Sebastian Collberg.
13:44 of 2nd period - Louis Leblanc wins face-off versus Henrik Samuelsson in Wolfpack zone.
13:47 of 2nd period - Wrist shot by Robby Fabbri.
13:47 of 2nd period - Stopped by Samuel Montembeault without a rebound.
13:48 of 2nd period - Louis Leblanc wins face-off versus Maxime Sauvé in Wolfpack zone.
13:49 of 2nd period - Snap shot by Robby Fabbri.
13:49 of 2nd period - Stopped by Samuel Montembeault without a rebound.
13:50 of 2nd period - Maxime Sauvé wins face-off versus Louis Leblanc in Wolfpack zone.
14:15 of 2nd period - Robby Fabbri is hit by Samuel Blais and loses puck.
15:04 of 2nd period - Anton Slepyshev is hit by Maxime Sauvé and loses puck.
15:07 of 2nd period - Penalty to Jesse Puljujarvi is over, Jesse Puljujarvi is back on ice.
15:15 of 2nd period - Vince Dunn is hit by C.J Suess and loses puck.
16:00 of 2nd period - Jesse Puljujarvi is hit by Henrik Samuelsson and loses puck.
16:32 of 2nd period - Snap shot by Kiefer Sherwood.
16:32 of 2nd period - Stopped by Samuel Montembeault without a rebound.
16:33 of 2nd period - Maxime Sauvé wins face-off versus Robby Fabbri in Wolfpack zone.
16:33 of 2nd period - Maxime Sauvé is hit by Carl Gunnarsson.
16:58 of 2nd period - Carl Gunnarsson is hit by Henrik Samuelsson and loses puck.
17:16 of 2nd period - Icing by Samuel Blais.
17:17 of 2nd period - Seth Griffith wins face-off versus Mark Jankowski in Wolfpack zone.
17:26 of 2nd period - Snap shot by Mark Jankowski.
17:26 of 2nd period - Deflect By Jesse Puljujarvi.
17:26 of 2nd period - Shot Blocked by Seth Griffith.
17:26 of 2nd period - Puck is out of play.
17:27 of 2nd period - Maxime Sauvé wins face-off versus Tyler Bozak in Wolfpack zone.
18:16 of 2nd period - Snap shot by David Pope.
18:16 of 2nd period - Shot Misses the Net.
18:18 of 2nd period - Slapshot by Derrick Pouliot.
18:18 of 2nd period - Stopped by Ilya Samsonov with a rebound.
18:20 of 2nd period - Wrist shot by Alex Barre-Boulet.
18:20 of 2nd period - Stopped by Ilya Samsonov with a rebound.
18:45 of 2nd period - Snap shot by Daniel Zaar.
18:45 of 2nd period - Goal by Daniel Zaar - Wolfpack : 2 - Condors : 2.
18:46 of 2nd period - Maxime Sauvé wins face-off versus Tyler Bozak in neutral zone.
19:07 of 2nd period - Double Minor Penalty to Dave Dziurzynski for Roughing.
19:08 of 2nd period - Tyler Bozak wins face-off versus Maxime Sauvé in Wolfpack zone.
Goals for this period are 2 for Wolfpack vs 1 for Condors.
Shots for this period are 13 for Wolfpack vs 10 for Condors.
3rd period
0:01 of 3rd period - Tyler Bozak wins face-off versus Maxime Sauvé in neutral zone.
0:06 of 3rd period - Slapshot by Carl Gunnarsson.
0:06 of 3rd period - Shot Blocked by Steven Santini.
0:08 of 3rd period - Slapshot by Zac Leslie.
0:08 of 3rd period - Shot Misses the Net.
0:23 of 3rd period - Icing by Robby Fabbri.
0:24 of 3rd period - Maxime Sauvé wins face-off versus Mark Jankowski in Condors zone.
1:01 of 3rd period - Wrist shot by Tyler Bozak.
1:01 of 3rd period - Shot Blocked by Henrik Samuelsson.
1:48 of 3rd period - Icing by Jesse Puljujarvi.
1:49 of 3rd period - Anton Slepyshev wins face-off versus Alex Barre-Boulet in Condors zone.
3:07 of 3rd period - Penalty to Dave Dziurzynski is over, Dave Dziurzynski is back on ice.
3:25 of 3rd period - Icing by Ryan Culkin.
3:26 of 3rd period - Seth Griffith wins face-off versus Louis Leblanc in Wolfpack zone.
3:42 of 3rd period - Seth Griffith is hit by Adam Erne and loses puck.
4:10 of 3rd period - Minor Penalty to Tyler Bozak for High sticking.
4:11 of 3rd period - Louis Leblanc wins face-off versus Maxime Sauvé in Condors zone.
4:44 of 3rd period - Slapshot by Mikhail Sergachev.
4:44 of 3rd period - Deflect By Sebastian Collberg.
4:44 of 3rd period - Stopped by Ilya Samsonov with a rebound.
4:46 of 3rd period - Snap shot by Sebastian Collberg.
4:46 of 3rd period - Goal by Sebastian Collberg - Wolfpack : 3 - Condors : 2.
4:47 of 3rd period - Tyler Bozak wins face-off versus Maxime Sauvé in neutral zone.
4:52 of 3rd period - Snap shot by Robby Fabbri.
4:52 of 3rd period - Stopped by Samuel Montembeault with a rebound.
5:13 of 3rd period - Jesse Puljujarvi is hit by Sebastian Collberg and loses puck.
5:32 of 3rd period - Slapshot by Chris Bigras.
5:32 of 3rd period - Shot Misses the Net.
5:34 of 3rd period - Slapshot by Chris Bigras.
5:34 of 3rd period - Shot Blocked by Steven Santini.
5:36 of 3rd period - Slapshot by Chris Bigras.
5:36 of 3rd period - Stopped by Samuel Montembeault with a rebound.
5:38 of 3rd period - Snap shot by Adam Erne.
5:38 of 3rd period - Shot Misses the Net.
6:50 of 3rd period - Wrist shot by Daniel Zaar.
6:50 of 3rd period - Stopped by Samuel Montembeault with a rebound.
6:52 of 3rd period - Snap shot by Tyler Bozak.
6:52 of 3rd period - Shot Blocked by Ryan Culkin.
6:54 of 3rd period - Wrist shot by Tyler Bozak.
6:54 of 3rd period - Goal by Tyler Bozak - Wolfpack : 3 - Condors : 3.
6:55 of 3rd period - Tyler Bozak wins face-off versus Maxime Sauvé in neutral zone.
7:54 of 3rd period - Snap shot by Henrik Samuelsson.
7:54 of 3rd period - Stopped by Ilya Samsonov without a rebound.
7:55 of 3rd period - Tyler Bozak wins face-off versus Henrik Samuelsson in Condors zone.
8:04 of 3rd period - Slapshot by Samuel Blais.
8:04 of 3rd period - Stopped by Ilya Samsonov with a rebound.
9:01 of 3rd period - Snap shot by Stefan Noesen.
9:01 of 3rd period - Deflect By Dave Dziurzynski.
9:01 of 3rd period - Stopped by Ilya Samsonov without a rebound.
9:02 of 3rd period - Maxime Sauvé wins face-off versus Tyler Bozak in Condors zone.
9:24 of 3rd period - Icing by Carl Gunnarsson.
9:25 of 3rd period - Tyler Bozak wins face-off versus Henrik Samuelsson in Condors zone.
9:27 of 3rd period - Minor Penalty to Mark Jankowski for Holding.
9:28 of 3rd period - Stefan Noesen wins face-off versus Louis Leblanc in Condors zone.
11:22 of 3rd period - Mikhail Sergachev is hit by Chris Bigras and loses puck.
11:27 of 3rd period - Penalty to Mark Jankowski is over, Mark Jankowski is back on ice.
11:49 of 3rd period - Wrist shot by Connor Chatam.
11:49 of 3rd period - Shot Misses the Net.
11:51 of 3rd period - Snap shot by Colton White.
11:51 of 3rd period - Stopped by Ilya Samsonov with a rebound.
11:53 of 3rd period - Snap shot by Kevin Roy.
11:53 of 3rd period - Shot Misses the Net.
12:13 of 3rd period - Snap shot by Tyler Bozak.
12:13 of 3rd period - Shot Blocked by Colton White.
13:08 of 3rd period - Off-side.
13:09 of 3rd period - Henrik Samuelsson wins face-off versus Mark Jankowski in neutral zone.
13:15 of 3rd period - Wrist shot by Henrik Samuelsson.
13:15 of 3rd period - Stopped by Ilya Samsonov with a rebound.
13:33 of 3rd period - Snap shot by Christian Thomas.
13:33 of 3rd period - Stopped by Samuel Montembeault without a rebound.
13:34 of 3rd period - Maxime Sauvé wins face-off versus Tyler Bozak in Wolfpack zone.
13:41 of 3rd period - Slapshot by Steven Santini.
13:41 of 3rd period - Stopped by Ilya Samsonov with a rebound.
14:29 of 3rd period - Snap shot by Louis Leblanc.
14:29 of 3rd period - Stopped by Samuel Montembeault without a rebound.
14:30 of 3rd period - Tyler Bozak wins face-off versus Stefan Noesen in Wolfpack zone.
14:45 of 3rd period - Wrist shot by Tyler Bozak.
14:45 of 3rd period - Shot Blocked by Dave Dziurzynski.
14:55 of 3rd period - Anton Slepyshev is hit by Samuel Blais and loses puck.
15:02 of 3rd period - Wrist shot by Henrik Samuelsson.
15:02 of 3rd period - Shot Misses the Net.
15:04 of 3rd period - Snap shot by Colton White.
15:04 of 3rd period - Shot Blocked by Zac Leslie.
15:06 of 3rd period - Slapshot by Colton White.
15:06 of 3rd period - Deflect By Henrik Samuelsson.
15:06 of 3rd period - Stopped by Ilya Samsonov without a rebound.
15:07 of 3rd period - Louis Leblanc wins face-off versus Seth Griffith in Condors zone.
15:32 of 3rd period - Seth Griffith is hit by Anton Slepyshev and loses puck.
15:43 of 3rd period - Snap shot by Anton Slepyshev.
15:43 of 3rd period - Stopped by Samuel Montembeault with a rebound.
15:45 of 3rd period - Snap shot by Mark Jankowski.
15:45 of 3rd period - Stopped by Samuel Montembeault without a rebound.
15:46 of 3rd period - Louis Leblanc wins face-off versus Maxime Sauvé in Wolfpack zone.
15:47 of 3rd period - Wrist shot by Adam Erne.
15:47 of 3rd period - Shot Misses the Net.
15:49 of 3rd period - Slapshot by Carl Gunnarsson.
15:49 of 3rd period - Shot Misses the Net.
15:57 of 3rd period - Louis Leblanc is hit by Vince Dunn and loses puck.
16:35 of 3rd period - Daniel Zaar is hit by Sebastian Collberg and loses puck.
16:58 of 3rd period - Carl Gunnarsson is hit by Derrick Pouliot and loses puck.
17:09 of 3rd period - Snap shot by David Pope.
17:09 of 3rd period - Deflect By Seth Griffith.
17:09 of 3rd period - Shot Blocked by Zac Leslie.
17:09 of 3rd period - Puck is out of play.
17:10 of 3rd period - Seth Griffith wins face-off versus C.J Suess in Condors zone.
19:31 of 3rd period - Minor Penalty to Kiefer Sherwood for Tripping.
19:32 of 3rd period - Louis Leblanc wins face-off versus Henrik Samuelsson in Condors zone.
19:34 of 3rd period - Snap shot by Henrik Samuelsson.
19:34 of 3rd period - Stopped by Ilya Samsonov with a rebound.
19:42 of 3rd period - Snap shot by Henrik Samuelsson.
19:42 of 3rd period - Shot Blocked by Louis Leblanc.
19:58 of 3rd period - Louis Leblanc is hit by Dave Dziurzynski and loses puck.
Goals for this period are 1 for Wolfpack vs 1 for Condors.
Shots for this period are 10 for Wolfpack vs 8 for Condors.
Overtime #1
0:01 of 1st overtime period - Louis Leblanc wins face-off versus Maxime Sauvé in neutral zone.
0:50 of 1st overtime period - Slapshot by Vince Dunn.
0:50 of 1st overtime period - Stopped by Ilya Samsonov with a rebound.
0:52 of 1st overtime period - Slapshot by Vince Dunn.
0:52 of 1st overtime period - Stopped by Ilya Samsonov with a rebound.
0:54 of 1st overtime period - Wrist shot by Henrik Samuelsson.
0:54 of 1st overtime period - Shot Blocked by Chris Bigras.
1:31 of 1st overtime period - Penalty to Kiefer Sherwood is over, Kiefer Sherwood is back on ice.
2:41 of 1st overtime period - Icing by Steven Santini.
2:42 of 1st overtime period - Henrik Samuelsson wins face-off versus Louis Leblanc in Wolfpack zone.
3:23 of 1st overtime period - Icing by Robby Fabbri.
3:24 of 1st overtime period - Samuel Blais wins face-off versus Robby Fabbri in Condors zone.
3:43 of 1st overtime period - Zac Leslie is hit by Dave Dziurzynski and loses puck.
4:16 of 1st overtime period - Snap shot by Mark Jankowski.
4:16 of 1st overtime period - Shot Blocked by Derrick Pouliot.
4:42 of 1st overtime period - Backhand shot by Dave Dziurzynski.
4:42 of 1st overtime period - Shot Blocked by Chris Bigras.
4:44 of 1st overtime period - Snap shot by Mikhail Sergachev.
4:44 of 1st overtime period - Deflect By Henrik Samuelsson.
4:44 of 1st overtime period - Shot Misses the Net.
4:44 of 1st overtime period - Puck is out of play.
4:45 of 1st overtime period - Henrik Samuelsson wins face-off versus Louis Leblanc in Condors zone.
4:50 of 1st overtime period - Backhand shot by Dave Dziurzynski.
4:50 of 1st overtime period - Shot Misses the Net.
Goals for this period are 0 for Wolfpack vs 0 for Condors.
Shots for this period are 2 for Wolfpack vs 0 for Condors.
ShootOut
5:00 of 1st overtime period - Round #1.
5:00 of 1st overtime period - Wolfpack, Maxime Sauvé.
5:00 of 1st overtime period - Snap shot by Maxime Sauvé.
5:00 of 1st overtime period - Stopped by Ilya Samsonov.
5:00 of 1st overtime period - Condors, Robby Fabbri.
5:00 of 1st overtime period - Snap shot by Robby Fabbri.
5:00 of 1st overtime period - Stopped by Samuel Montembeault.
5:00 of 1st overtime period - Round #2.
5:00 of 1st overtime period - Wolfpack, Stefan Noesen.
5:00 of 1st overtime period - Deke by Stefan Noesen.
5:00 of 1st overtime period - Stopped by Ilya Samsonov.
5:00 of 1st overtime period - Condors, Tyler Bozak.
5:00 of 1st overtime period - Wrist shot by Tyler Bozak.
5:00 of 1st overtime period - Goal by Tyler Bozak.
5:00 of 1st overtime period - Round #3.
5:00 of 1st overtime period - Wolfpack, Dave Dziurzynski.
5:00 of 1st overtime period - Wrist shot by Dave Dziurzynski.
5:00 of 1st overtime period - Shot Misses the Net.
Output by the SimonT Hockey Simulator (STHS) for Francois Prevost